 Dungeon Crawl Stone Soup version 0.31.0-9-g3a7656b989 (webtiles) character file.

Game seed: 8074350420360610273

102 dialectric the Ruffian (level 4, -2/22 HPs)
             Began as a Gargoyle Shapeshifter on Jan 24, 2024.
             Was a Believer of Hepliaklqana.
             Slain by a gnoll
             ... wielding a +0 spear
              (4 damage)
             ... on level 3 of the Dungeon.
             The game lasted 00:01:44 (1881 turns).

dialectric the Ruffian (Gargoyle Shapeshifter)      Turns: 1881, Time: 00:01:45

Health: -2/22      AC:  5    Str: 20    XL:     4   Next: 78%
Magic:  4/4        EV: 12    Int: 10    God:    Hepliaklqana [**....]
Gold:   114        SH:  0    Dex:  9    Spells: 3/3 levels left

rFire   . .          .
                       - Unarmed
rCold   . . .        (no shield)
rNeg    + . .        a - +0 animal skin
rPois   ∞            (helmet currently unavailable)
rElec   +            (cloak currently unavailable)
rCorr   .            (gloves currently unavailable)
SInv    .            (boots currently unavailable)
Will    .....        (no amulet)
Stlth   +            (no ring)
HPRegen 0.23/turn    (no ring)
MPRegen 0.09/turn

%: no passive effects
@: beast-form
A: beast (slay +1), reduced essence, sickness immunity, AC +3, negative energy
resistance 1, electricity resistance, torment resistance 1, petrification
resistance
a: Begin Untransformation, Renounce Religion, Recall Ancestor, Ancestor Identity


You were on level 3 of the Dungeon.
You worshipped Hepliaklqana.
Hepliaklqana was pleased with you.
You were a hulking beast.
You visited 1 branch of the dungeon, and saw 3 of its levels.

You collected 114 gold pieces.

Inventory:

Armour
 a - a +0 animal skin (worn)
Jewellery
 g - a ring of fire
Talismans
 c - a beast talisman
 d - a flux talisman
Scrolls
 f - 7 scrolls of identify {unknown}
 h - a scroll of amnesia {unknown}
 i - a scroll of enchant weapon {unknown}
 m - a scroll of immolation {unknown}
 n - a scroll of fear {unknown}
 o - a scroll of noise {unknown}
Potions
 b - a potion of lignification
 e - 4 potions of curing {unknown}
 j - a potion of magic {unknown}
 k - 2 potions of degeneration {unknown}
 l - 2 potions of might {unknown}


   Skills:
 + Level 1.1 Fighting
 * Level 2.5 Dodging
 + Level 4.0 Unarmed Combat
 + Level 3.1 Shapeshifting


You had 3 spell levels left.
You didn't know any spells.
Your spell library contained the following spells:

 Spells                   Type           Power      Damage    Failure   Level
 Passage of Golubria      Tloc           0%         N/A       98%         4
 Silence                  Hex/Air        0%         N/A       100%        5
 Lehudib's Crystal Spear  Conj/Erth      0%         10d2      100%        8


Dungeon Overview and Level Annotations

Branches:
Dungeon (3/15)

Altars:
Hepliaklqana
Nemelex Xobeh
Okawaru


Innate Abilities, Weirdness & Mutations

You are a hulking beast.
Your limbs bulge with bestial killing power. (Slay +1)
Your life essence is reduced to manifest your ancestor. (-10% HP)
You are immune to sickness and miasma.
Your stone body is resilient. (AC +3)
You are immune to poison.
You resist negative energy. (rN+)
You are resistant to electric shocks. (rElec)
You are resistant to unholy torment.
You are immune to petrification.


Message History

You add the spells Passage of Golubria, Silence and Lehudib's Crystal Spear to your library.
No target in view!
o - a scroll labelled VOGULU LIPH A gnoll comes into view.
It is wielding a +0 spear.
Found a scroll labelled ISUOGUOMYDGH.
The gnoll shouts!
You hear a shout!
A gnoll is nearby!
The gnoll closely misses you.
Found a sparkling altar of Nemelex Xobeh.
The gnoll closely misses you.
You hit the gnoll.
The gnoll is moderately wounded.
You closely miss the gnoll.
The gnoll is moderately wounded.
The gnoll hits you with a +0 spear.
You hit the gnoll but do no damage.
The gnoll is moderately wounded.
The gnoll closely misses you.
A gnoll comes into view. It is wielding a +0 spear.
You hit the gnoll.
The gnoll is severely wounded.
The gnoll hits you with a +0 spear.
You barely miss the gnoll.
The gnoll is severely wounded.
The gnoll hits you with a +0 spear!
You are too injured to fight recklessly!
You are too injured to fight recklessly!
You are too injured to fight recklessly!
You are too injured to fight recklessly!
You are too injured to fight recklessly!
You are too injured to fight recklessly!
You are too injured to fight recklessly!
The gnoll hits you with a +0 spear.
* * * LOW HITPOINT WARNING * * *
You closely miss the gnoll.
The gnoll is severely wounded.
Edmée closely misses the gnoll.
A goblin comes into view. It is wielding a +0 club.
The gnoll hits you with a +0 spear.
You die...

≈.≈.≈..
.≈_..§.≈.#
≈≈≈≈≈.≈.g
......≈..
≈≈≈≈§≈ #.
.?....
#...###.##..
#...hg##.##.#
#####R##.. .#
# #.##.##.#.#
##.##......#
#........#
#.###..###
#.###..#
#.#....#
#.#..#.#


You could see the friendly Edmée the knight, a gnoll (ally target) and a goblin
(wandering).

Vanquished Creatures
  5 adders (D:2)
  A ribbon worm (D:2)
  4 dart slugs
  5 bats
  3 endoplasms
  6 goblins
  3 hobgoblins
  7 jackals
  4 kobolds
  A quokka (D:2)
  3 ball pythons
  A frilled lizard (D:1)
43 creatures vanquished.

Vanquished Creatures (collateral kills)
  A ball python (D:1)
1 creature vanquished.

Grand Total: 44 creatures vanquished

Notes
Turn   | Place    | Note
-------+----------+-------------------------------------------
     0 | D:1      | dialectric the Gargoyle Shapeshifter began the quest for
                  | the Orb.
     0 | D:1      | Reached XP level 1. HP: 12/12 MP: 1/1
    83 | D:1      | Found a faded altar of an unknown god.
   100 | D:1      | Prayed at the altar of an unknown god.
   100 | D:1      | Became a worshipper of Hepliaklqana the Forgotten
   100 | D:1      | Reached * piety under Hepliaklqana
   128 | D:1      | Reached XP level 2. HP: 12/14 MP: 2/2
  1069 | D:2      | Reached XP level 3. HP: 18/18 MP: 3/3
  1210 | D:2      | Reached XP level 4. HP: 22/22 MP: 4/4
  1513 | D:2      | Found an iron altar of Okawaru.
  1568 | D:2      | Reached ** piety under Hepliaklqana
  1569 | D:2      | Remembered your ancestor Edmée as a knight
  1830 | D:3      | Reached skill level 4 in Unarmed Combat
  1874 | D:3      | Found a sparkling altar of Nemelex Xobeh.
  1881 | D:3      | Slain by a gnoll

Illustrated notes

Levels and vault maps discovered:
D:1:      mrwooster_arrival_arrow, layout_loops_corners,
          shapermc_ecumenical_altar_mp_highgroup,
          nicolae_concentric_dashed_squares_mild
D:2:      layout_loops_ring, basic_altar
D:3:      layout_loops_cross, mainiacjoe_overflow_catwalk_spiral,
          minmay_misc_feat_square

Skill      XL: |  1  2  3  4 |
---------------+-------------+-----
Shapeshifting  | 3 |  3.1
Dodging        | 2 |  2.5
Unarmed Combat | 4 |  4.0
Fighting       | |  1.1

Action                     |  1- 3 |  4- 6 || total
---------------------------+-------+-------++-------
  Melee: Unarmed           |    73 |    48 ||   121
         Punch             |     1 |     1 ||     2
 Invoke: Ancestor Life: Kn |       |     1 ||     1
   Stab: Sleeping          |     1 |       ||     1
 Armour: Animal skin       |    24 |    21 ||    45
  Dodge: Dodged            |    47 |    32 ||    79
